 Dungeon Crawl Stone Soup version 0.30-a0-726-gd89dcf765f (webtiles) character file.

Game seed: 6046350419221781550

21557 browni3141 the Geomancer (level 13, -4/98 HPs)
             Began as a Human Earth Elementalist on Jan 30, 2023.
             Was an Elder of Kikubaaqudgha.
             Slain by a cane toad (15 damage)
             ... on level 1 of the Lair of Beasts.
             The game lasted 00:35:13 (17218 turns).

browni3141 the Geomancer (HuEE)                    Turns: 17218, Time: 00:35:13

Health: -4/98      AC: 10    Str:  9    XL:     13   Next: 20%
Magic:  1/22       EV: 12    Int: 26    God:    Kikubaaqudgha [****..]
Gold:   995        SH:  3    Dex: 14    Spells: 7/24 levels left

rFire   + . .      SeeInvis +    b - +0 rapier
rCold   + . .      Faith    .    o - +0 buckler
rNeg    . . .      Spirit   .    E - +0 swamp dragon scales
rPois   +          Reflect  .    (no helmet)
rElec   .          Harm     .    z - scarf {rC+ rF+}
rCorr   .          Rampage  .    (no gloves)
Will    .....                    f - +2 pair of boots
Stlth   ++                       (no amulet)
HPRegen 0.36/turn                c - ring of see invisible
MPRegen 0.18/turn                t - +6 ring of intelligence

@: no status effects
A: no striking features
a: Renounce Religion, Unearth Wretches


You were on level 1 of the Lair of Beasts.
You worshipped Kikubaaqudgha.
Kikubaaqudgha was greatly pleased with you.
You visited 2 branches of the dungeon, and saw 13 of its levels.

You collected 1231 gold pieces.
You spent 236 gold pieces at shops.

Inventory:

Hand Weapons
 a - a +2 dagger of venom
 b - a +0 rapier (weapon)
 d - a +0 dagger
Missiles
 h - 40 poisoned darts
 O - 4 atropa-tipped darts
Armour
 f - a +2 pair of boots (worn)
 o - a +0 buckler (worn)
 z - a scarf of resistance (worn)
 C - a +0 robe
 D - a +0 troll leather armour
 E - +0 swamp dragon scales (worn)
Jewellery
 c - a ring of see invisible (left hand)
 t - a +6 ring of intelligence (right hand)
 A - a ring of ice
 F - a +4 ring of protection
 G - a ring of protection from fire
 Q - a ring of flight
 T - an amulet of regeneration
Wands
 u - a wand of mindburst (37)
 J - a wand of roots (7)
 P - a wand of acid (2)
 R - a wand of flame (11)
Scrolls
 e - 4 scrolls of amnesia
 g - 4 scrolls of poison
 i - 4 scrolls of fear
 l - 5 scrolls of identify
 p - 7 scrolls of teleportation
 q - 3 scrolls of noise
 w - 4 scrolls of fog
 y - a scroll of enchant armour
 I - a scroll of immolation
 M - a scroll of blinking
 N - a scroll of vulnerability
 S - a scroll of magic mapping {unknown}
Potions
 j - 2 potions of curing
 k - 3 potions of ambrosia
 m - 2 potions of brilliance
 n - 2 potions of heal wounds
 r - 2 potions of mutation
 s - 3 potions of cancellation
 v - a potion of invisibility
 x - 3 potions of berserk rage
 B - 3 potions of magic
 H - 3 potions of degeneration
 K - a potion of flight


   Skills:
 * Level 7.7 Fighting
 - Level 3.0 Short Blades
 * Level 7.8 Dodging
 * Level 4.9 Stealth
 - Level 6.0 Spellcasting
 - Level 3.0 Conjurations
 - Level 5.0 Necromancy
 - Level 4.0 Translocations
 - Level 6.0 Transmutations
 - Level 13.0 Earth Magic
 - Level 4.0 Evocations


You had 7 spell levels left.
You knew the following spells:

 Your Spells              Type           Power      Damage    Failure   Level
a - Sandblast             Erth           100%       2d20      1%          1
b - Passwall              Tmut/Erth      45%        N/A       1%          2
c - Stone Arrow           Conj/Erth      98%        3d13      3%          3
d - Blink                 Tloc           56%        N/A       8%          2
e - Petrify               Tmut/Erth      55%        N/A       5%          4
f - Borgnjor's Vile Clut  Necr/Erth      26%        N/A       19%         5

Your spell library contained the following spells:

 Spells                   Type           Power      Damage    Failure   Level
 Necrotise                Necr           100%       1d9       3%          1
 Apportation              Tloc           56%        N/A       5%          1
 Sublimation of Blood     Necr           33%        N/A       5%          2
 Magic Dart               Conj           92%        1d7       8%          1
 Sting                    Tmut/Pois      92%        1d7       8%          1
 Lesser Beckoning         Tloc           56%        N/A       8%          2
 Momentum Strike          Conj/Tloc      52%        3d9       10%         2
 Vampiric Draining        Necr           33%        2d8       11%         3
 Searing Ray              Conj           46%        2d6       12%         2
 Shock                    Conj/Air       60%        1d6       14%         1
 Cigotuvi's Dreadful Rot  Necr/Pois/Air  32%        N/A       22%         2
 Freeze                   Ice            28%        1d5       26%         1
 Poisonous Vapours        Pois/Air       14%        N/A       38%         2
 Scorch                   Fire           14%        2d6       38%         2
 Hailstorm                Conj/Ice       15%        3d5       41%         3
 Frozen Ramparts          Ice            14%        1d3       63%         3
 Swiftness                Air            7%         N/A       63%         3
 Anguish                  Hex/Necr       10%        N/A       67%         4
 Agony                    Necr           33%        N/A       67%         5
 Flame Wave               Conj/Fire      15%        2d7       82%         4
 Fulminant Prism          Conj/Hex       7%         3d7       82%         4
 Alistair's Intoxication  Tmut/Pois      15%        N/A       91%         5
 Airstrike                Air            3%         2d(1-17)  95%         4
 Olgreb's Toxic Radiance  Pois           7%         N/A       95%         4
 Freezing Cloud           Conj/Ice/Air   6%         6-21      99%         5
 Death Channel            Necr           16%        N/A       99%         6
 Simulacrum               Ice/Necr       10%        N/A       100%        6
 Summon Cactus Giant      Summ           3%         N/A       100%        6
 Polar Vortex             Ice            3%         N/A       100%        9


Dungeon Overview and Level Annotations

Branches:
Dungeon (12/15)            Temple (0/1) D:6            Lair (1/5) D:9
    Orc (0/2) D:12

Altars:
Dithmenos
Elyvilon
Fedhas
Kikubaaqudgha
Vehumet
Yredelemnul

Shops:
D:3 ?=*   D:4 :

Portals:
Trove: D:12 (give +5 fire dragon scales)

Annotations:
D:11 exclusion: door
D:12 Urug


Message History

The cane toad stings you but does no damage.
The cane toad struggles to escape constriction.
The cane toad misses you.
You hit the cane toad but do no damage.
The cane toad is severely wounded.
The zombie hands constrict the cane toad!
You kill the cane toad!
Kikubaaqudgha accepts your kill. The cane toad stings you!
* * * LOW HITPOINT WARNING * * *
Aiming: Sandblast (safe; 1% risk of failure)
Press: ? - help, Q - select action, (/) - cycle Shift-Dir - straight line, f/p - cane toad
Aim: a cane toad (severely wounded, 87% to hit)
The blast of sand hits the cane toad.
The cane toad is almost dead.
The cane toad barely misses you. x2
You hit the cane toad but do no damage.
The cane toad is almost dead.
The cane toad misses you.
You hit the cane toad but do no damage.
The cane toad is almost dead.
The cane toad stings you but does no damage.
You hit the cane toad.
The cane toad is almost dead.
The cane toad stings you but does no damage.
Your +2 dagger of venom stops dripping with poison.
b - a +0 rapier (weapon)
You barely miss the cane toad.
The cane toad is almost dead.
The cane toad stings you!
* * * LOW HITPOINT WARNING * * *
You block the cane toad's attack.
You hit the cane toad but do no damage.
The cane toad is almost dead.
The cane toad closely misses you.
You hit the cane toad.
The cane toad is almost dead.
The cane toad stings you!
You die...
Kikubaaqudgha rasps: "You have failed me!
Welcome... death!"

........... ............ .....
...b......# ##..........# ....#
....b.....###...........###..#.##
.................................
..bbbl...........................
...l.............................
..######.P##P.#####..............
.#######.####.####...............
................@F...............
†.....#.#.##.......#.##.##P..##.#
†............††..................
†........#.##....................
.................................
.#######.........................
.#####.#.....................##..
..............................#
.P.#.........#..##P....P#.#...#


You could see a cane toad.

Vanquished Creatures
  4 two-headed ogres
  3 boulder beetles
  An orc knight (D:10)
  An ugly thing (D:12)
  A manticore (D:12)
  A cyclops (D:11)
  2 gargoyles
  4 cane toads (Lair:1)
  Psyche (D:10)
  3 komodo dragons (Lair:1)
  Maggie (D:7)
  A kobold demonologist (D:6)
  A queen bee (shapeshifter) (D:11)
  4 trolls
  A hornet (D:11)
  3 slime creatures (D:12)
  3 shadows
  20 yaks
  A wraith (D:10)
  4 water elementals (D:10)
  3 vampires (D:11)
  A wyvern (D:10)
  2 basilisks
  A steam dragon (D:7)
  8 vampire mosquitoes
  2 water moccasins
  2 ice beasts
  A sky beast (D:8)
  An acid dragon (D:11)
  2 black bears
  5 orc warriors
  2 ogres
  3 phantoms
  7 centaurs
  Blork the orc (D:6)
  5 kobold brigands
  2 bullfrogs (D:7)
  A necrophage (D:5)
  2 gnoll sergeants
  4 scorpions
  6 wights
  6 killer bees (D:10)
  An electric eel (D:6)
  4 howler monkeys
  5 jellies
  A hound (D:6)
  2 orc priests (D:9)
  2 gnoll boudas
  Natasha (thrice) (D:2)
  8 orc wizards
  6 iguanas
  14 gnolls
  7 adders
  2 white imps (D:8)
  An ufetubus (D:5)
  A worm (D:2)
  A dart slug (D:4)
  21 orcs
  8 bats
  A bat zombie (D:5)
  8 endoplasms
  2 giant cockroaches
  3 goblins
  4 hobgoblins
  9 jackals
  24 kobolds
  2 quokkas
  12 ball pythons
  11 frilled lizards
  3 rats (D:1)
  2 rat zombies (D:5)
  A spectral hobgoblin (D:2)
296 creatures vanquished.

Vanquished Creatures (others)
  3 fungi (Lair:1)
  2 plants (Lair:1)
5 creatures vanquished.

Grand Total: 301 creatures vanquished

Notes
Turn   | Place    | Note
-------+----------+-------------------------------------------
     0 | D:1      | browni3141 the Human Earth Elementalist began the quest for
                  | the Orb.
     0 | D:1      | Reached XP level 1. HP: 13/13 MP: 3/3
   128 | D:1      | Reached skill level 1 in Fighting
   138 | D:1      | Reached XP level 2. HP: 20/21 MP: 1/5
   690 | D:1      | Reached XP level 3. HP: 27/27 MP: 4/6
   934 | D:2      | Noticed Natasha
   937 | D:2      | Killed Natasha
   938 | D:2      | Reached XP level 4. HP: 33/33 MP: 4/7
   993 | D:2      | Noticed Natasha
   998 | D:2      | Killed Natasha
   999 | D:2      | Reached skill level 4 in Earth Magic
  1145 | D:2      | Found a faded altar of an unknown god.
  1358 | D:2      | Noticed Natasha
  1365 | D:2      | Killed Natasha
  1366 | D:2      | Reached XP level 5. HP: 18/38 MP: 5/8
  2056 | D:3      | Found Inuuh's General Store.
  2066 | D:3      | Bought a scroll of identify for 22 gold pieces
  2193 | D:3      | Found Ygot Sawu's Jewellery Boutique.
  2289 | D:3      | Found Ceiluar's Magic Scroll Emporium.
  2317 | D:3      | Bought a scroll of teleportation for 36 gold pieces
  2317 | D:3      | Bought a scroll of fear for 48 gold pieces
  2317 | D:3      | Bought a scroll of noise for 12 gold pieces
  2317 | D:3      | Bought a scroll of identify for 24 gold pieces
  2317 | D:3      | Bought a scroll of identify for 24 gold pieces
  2623 | D:2      | Learned a level 2 spell: Passwall
  2627 | D:2      | Learned a level 3 spell: Stone Arrow
  2878 | D:4      | Found Biawkyo's Book Boutique.
  2889 | D:4      | Reached XP level 6. HP: 44/44 MP: 1/9
  2972 | D:4      | Reached skill level 1 in Conjurations
  3052 | D:4      | Noticed an ogre
  3060 | D:4      | Killed an ogre
  3061 | D:4      | Reached skill level 5 in Earth Magic
  3241 | D:4      | Learned a level 2 spell: Blink
  3433 | D:4      | Reached XP level 7. HP: 32/50 MP: 1/10
  3523 | D:4      | Reached skill level 1 in Translocations
  3996 | D:5      | Entered Level 5 of the Dungeon
  4183 | D:5      | Reached skill level 6 in Earth Magic
  4183 | D:5      | Reached XP level 8. HP: 53/56 MP: 5/11
  4388 | D:5      | Reached skill level 7 in Earth Magic
  4640 | D:5      | Found an ancient bone altar of Kikubaaqudgha.
  4648 | D:5      | Became a worshipper of Kikubaaqudgha
  4827 | D:6      | Found a shadowy altar of Dithmenos.
  4882 | D:3      | Bought a scroll of identify for 22 gold pieces
  4883 | D:3      | Identified a scroll of acquirement
  4932 | D:3      | Bought a scroll of identify for 24 gold pieces
  4932 | D:3      | Bought a scroll of identify for 24 gold pieces
  4934 | D:3      | Acquired a +6 ring of intelligence
  5116 | D:6      | Reached skill level 8 in Earth Magic
  5326 | D:6      | Found a staircase to the Ecumenical Temple.
  5348 | D:6      | Noticed Blork the orc
  5359 | D:6      | Killed Blork the orc
  5360 | D:6      | Reached XP level 9. HP: 50/61 MP: 8/12
  5611 | D:6      | Noticed a kobold demonologist
  5615 | D:6      | Killed a kobold demonologist
  5616 | D:6      | Reached skill level 9 in Earth Magic
  5947 | D:6      | HP: 1/61 [centaur (3)]
  5952 | D:6      | Reached skill level 10 in Earth Magic
  6138 | D:6      | Acquired 372 gold pieces
  6376 | D:6      | Found a basalt altar of Yredelemnul.
  6376 | D:6      | Found a blossoming altar of Fedhas.
  6574 | D:7      | Noticed Maggie
  6579 | D:7      | Killed Maggie
  6579 | D:7      | Reached * piety under Kikubaaqudgha
  6579 | D:7      | Received a gift from Kikubaaqudgha
  6663 | D:7      | Reached skill level 11 in Earth Magic
  6877 | D:7      | Found a white marble altar of Elyvilon.
  6927 | D:7      | Reached XP level 10. HP: 67/67 MP: 11/13
  7900 | D:8      | Reached skill level 12 in Earth Magic
  8069 | D:8      | Noticed a two-headed ogre
  8083 | D:8      | Killed a two-headed ogre
  8230 | D:8      | Reached skill level 13 in Earth Magic
  8335 | D:8      | Learned a level 4 spell: Petrify
  8579 | D:8      | Noticed a boulder beetle
  8925 | D:8      | Killed a boulder beetle
  8926 | D:8      | Reached skill level 5 in Transmutations
  9614 | D:9      | Reached ** piety under Kikubaaqudgha
  9641 | D:8      | Reached XP level 11. HP: 48/75 MP: 5/14
 10893 | D:9      | Found a staircase to the Lair.
 11077 | D:10     | Entered Level 10 of the Dungeon
 11103 | D:10     | Noticed Psyche
 11108 | D:10     | Killed Psyche
 11431 | D:10     | Reached skill level 5 in Fighting
 11431 | D:10     | Reached skill level 5 in Dodging
 11642 | D:10     | Found a radiant altar of Vehumet.
 12034 | D:10     | Noticed a two-headed ogre
 12037 | D:10     | Reached *** piety under Kikubaaqudgha
 12037 | D:10     | Received a gift from Kikubaaqudgha
 12038 | D:10     | Reached skill level 1 in Necromancy
 12171 | D:10     | Killed a two-headed ogre
 12445 | D:10     | Learned a level 5 spell: Borgnjor's Vile Clutch
 12619 | D:11     | Reached skill level 5 in Spellcasting
 12754 | D:11     | Noticed a two-headed ogre
 12772 | D:11     | Killed a two-headed ogre
 12773 | D:11     | Reached XP level 12. HP: 88/88 MP: 12/19
 12793 | D:11     | Reached skill level 1 in Evocations
 12889 | D:11     | You fall into a shaft and drop 1 floor!
 12946 | D:12     | Found a portal to a secret trove of treasure.
 12947 | D:12     | Noticed a boulder beetle
 12976 | D:12     | Killed a boulder beetle
 13009 | D:12     | Noticed a two-headed ogre
 13051 | D:12     | Killed a two-headed ogre
 13221 | D:12     | Noticed Urug
 13625 | D:12     | Found a staircase to the Orcish Mines.
 14455 | D:11     | Reached skill level 1 in Short Blades
 15482 | D:11     | Noticed a boulder beetle
 15482 | D:11     | Noticed a fire crab
 16453 | D:11     | Killed a boulder beetle
 16590 | D:11     | Noticed a frost giant
 16721 | Lair:1   | Entered Level 1 of the Lair of Beasts
 16749 | Lair:1   | Reached XP level 13. HP: 89/96 MP: 18/22
 17061 | Lair:1   | Reached **** piety under Kikubaaqudgha
 17067 | Lair:1   | Reached skill level 5 in Necromancy
 17218 | Lair:1   | Slain by a cane toad

Illustrated notes

Levels and vault maps discovered:
D:1:      tarquinn_simple_flora_water_c, layout_loops_ring, minmay_lizard_pond
D:2:      minmay_evil_eye, layout_loops_ring,
          dreamdust_ecumenical_altar_drowned_temple,
          hangedman_abyss_or_decor_stabs, minmay_misc_feat_roman, uniq_natasha
D:3:      layout_basic, serial_shops, shop, shop_statue, shop
D:4:      layout_cave_pools, amcnicky_mini_corridor_feature,
          nicolae_stop_n_shop_1, minmay_distorted
D:5:      layout_cave_pools, lemuel_zombie_altar_kikubaaqudgha
D:6:      layout_loops_corners, grunt_dithmenos_smoke_and_mirrors,
          gammafunk_temple_overflow_wave, minmay_temple_entry_tees,
          serial_glass, glass_columns_a, glass_columns_b, minmay_crystal_water,
          kennysheep_generic_room_7, uniq_blork_the_orc
D:7:      layout_layer_cave, mainiacjoe_overflow_small_starburst, uniq_maggie
D:8:      minmay_distorted_concentric_squares, layout_gridville
D:9:      nicolae_hitomezashi [nicolae_hito_row, nicolae_hito_row,
          nicolae_hito_row, nicolae_hito_row, nicolae_hito_row,
          nicolae_hito_row, nicolae_hito_row, nicolae_hito_row,
          nicolae_hito_row, nicolae_hito_row, nicolae_hito_row,
          nicolae_hito_row, nicolae_hito_row, nicolae_hito_row,
          nicolae_hito_row, nicolae_hito_row, nicolae_hito_row,
          nicolae_hito_row], layout_basic
D:10:     layout_roguey, general_overflow_altar, nicolae_underground_beach,
          uniq_psyche
D:11:     minmay_shrinking_squares, layout_irregular_city, minmay_circle_x
D:12:     layout_loops_ring, orc_0_dummy, nicolae_trove_entry_isolated,
          uniq_urug
Lair:1:   layout_long_grid, basic_altar, beast_lair_carwin_4

Skill      XL: |  1  2  3  4  5  6  7  8  9 10 11 12 13 |
---------------+----------------------------------------+-----
Fighting       | 1 2 3 6 7 |  7.7
Transmutations | 2 3 4 6 |  6.0
Earth Magic    | 4 5 6 8 11 13 | 13.0
Conjurations   | 2 3 |  3.0
Translocations | 2 3 4 |  4.0
Dodging        | 3 6 7 |  7.8
Spellcasting   | 5 6 |  6.0
Necromancy     | 2 4 5 |  5.0
Evocations     | 3 4 |  4.0
Short Blades   | 2 3 |  3.0
Stealth        | 3 4 |  4.9

Action                     |  1- 3 |  4- 6 |  7- 9 | 10-12 | 13-15 || total
---------------------------+-------+-------+-------+-------+-------++-------
  Melee: Unarmed           |     6 |       |       |       |       ||     6
         Dagger            |    11 |    13 |    20 |    79 |    14 ||   137
         Rapier            |       |       |       |     7 |     3 ||    10
  Throw: Dart              |       |     4 |     5 |     9 |       ||    18
   Cast: Sandblast         |    25 |   107 |   115 |   312 |    15 ||   574
         Stone Arrow       |       |       |     7 |    13 |       ||    20
         Petrify           |       |       |       |    27 |     1 ||    28
         Blink             |       |       |       |    28 |       ||    28
         Passwall          |       |       |       |     1 |     1 ||     2
         Borgnjor's Vile C |       |       |       |     6 |     9 ||    15
  Evoke: Wand              |       |       |       |     8 |       ||     8
    Use: Scroll            |       |    10 |    10 |     4 |     1 ||    25
         Potion            |       |       |     1 |     3 |       ||     4
   Stab: Petrified         |       |       |       |    63 |     2 ||    65
         Petrifying        |       |       |       |     2 |       ||     2
 Armour: Robe              |     4 |    23 |    16 |     5 |       ||    48
         Troll leather arm |       |       |       |     1 |       ||     1
         Swamp dragon scal |       |       |       |    95 |    10 ||   105
  Dodge: Dodged            |    15 |    57 |    51 |   143 |    10 ||   276
  Block: Buckler           |       |    14 |    12 |    32 |     6 ||    64

Table legend: (Time is in decaauts)
 A = Elapsed time spent in this place.
 B = Non-inter-level travel time spent in this place.
 C = Inter-level travel time spent in this place.
 D = Time resting spent in this place.
 E = Time spent auto-exploring this place.
 F = Levels seen in this place.
 G = Mean time per level.
                   A        B        C        D        E       F      G
               +--------+--------+--------+--------+--------+-----+--------+
         Total |  17526 |  16654 |    872 |   2322 |  11513 |  13 | 1348.2 |
       Dungeon |  17020 |  16149 |    871 |   2128 |  11326 |  12 | 1418.3 |
          Lair |    505 |    505 |      0 |    194 |    187 |   1 |  505.0 |
               +--------+--------+--------+--------+--------+-----+--------+

Top non-repeatable levels by time:
     D:8: 2237 daAuts
    D:11: 2146 daAuts
    D:10: 1982 daAuts
     D:6: 1591 daAuts
    D:12: 1564 daAuts
     D:7: 1245 daAuts
     D:2: 1225 daAuts
     D:9: 1173 daAuts
     D:4: 1043 daAuts
     D:3: 980 daAuts
     D:1: 945 daAuts
     D:5: 884 daAuts
  Lair:1: 505 daAuts
